 Dungeon Crawl Stone Soup version 0.20-a0-277-g7db01f4 (webtiles) character file.

93 shenanigans the Charmwright (level 4, -4/34 HPs)
             Began as a Human Skald on Dec 13, 2016.
             Killed from afar by an orc wizard (9 damage)
             ... with a puff of flame
             ... on level 2 of the Dungeon.
             The game lasted 00:03:40 (2614 turns).

shenanigans the Charmwright (Human Skald)           Turns: 2614, Time: 00:03:42

Health: -4/34      AC:  7    Str: 13    XL:     4   Next: 91%
Magic:  7/7        EV: 10    Int: 12    God:
Gold:   95         SH:  0    Dex: 13    Spells: 6/7 levels left

rFire  . . .     SeeInvis .     a - +0 hand axe
rCold  . . .     Gourm    .     f - +0 scale mail
rNeg   . . .     Faith    .     (no shield)
rPois  .         Spirit   .     (no helmet)
rElec  .         Reflect  .     (no cloak)
rCorr  .         Harm     .     h - +0 pair of gloves
MR     .....                    (no boots)
Stlth  ..........               (no amulet)
                                (no ring)
                                (no ring)

@: no status effects
A: no striking features
a: no special abilities


You were on level 2 of the Dungeon.
You were near starving.

You visited 1 branch of the dungeon, and saw 3 of its levels.

You collected 95 gold pieces.

Inventory:

Hand Weapons
 a - a +0 hand axe (weapon)
Armour
 b - a +0 leather armour
 f - a +0 scale mail (worn)
 h - a +0 pair of gloves (worn)
Scrolls
 g - 2 scrolls of teleportation {unknown}
 i - a scroll of fear {unknown}
 k - a scroll of fog {unknown}
 l - a scroll of immolation {unknown}
 n - 2 scrolls of enchant weapon {unknown}
 o - 2 scrolls of identify {unknown}
Potions
 e - 2 potions of mutation {unknown}
 j - a potion of degeneration {unknown}
 m - a potion of flight {unknown}
Books
 c - a book of Battle

   Spells                             Type                      Level
   a - Infusion                       Charms                       1
   b - Shroud of Golubria             Charms/Translocation         2
   c - Song of Slaying                Charms                       2
   d - Spectral Weapon                Hexes/Charms                 3
   e - Regeneration                   Charms/Necromancy            3
Comestibles
 d - a bread ration
 p - a beef jerky


   Skills:
 + Level 2.8 Fighting
 + Level 2.7 Axes
 + Level 2.0 Armour
 + Level 2.4 Dodging
 - Level 2.0 Spellcasting
 - Level 3.0 Charms


You had 6 spell levels left.
You knew the following spells:

 Your Spells              Type           Power        Failure   Level  Hunger
a - Infusion              Chrm           #...         38%         1    ##.....


Dungeon Overview and Level Annotations

Branches:
Dungeon (3/15)

Altars:
Gozag

Annotations:
D:3 Terence


Message History

Your scale mail prevents you from hitting the orc wizard.
The orc wizard is severely wounded.
The orc wizard closely misses you.
You completely miss the orc wizard.
The orc wizard is severely wounded.
The orc wizard hits you but does no damage.
You hit the orc wizard but do no damage.
The orc wizard is severely wounded.
The orc wizard hits you but does no damage.
You closely miss the orc wizard.
The orc wizard is severely wounded.
The orc wizard closely misses you.
You hit the orc wizard.
The orc wizard is severely wounded.
The orc wizard points at you and mumbles some strange words.
The magic dart hits you!
* * * LOW HITPOINT WARNING * * *
The orc wizard gestures at you while chanting.
The puff of flame hits you!
You die...

..#.#.########..........#
###.#.# #..........# #.#.###
#.#.######.#
###.....######.#.# #.#
.##............#.# #.#
..........####.#.# ##.#
..#.......# #.#.# #..#
.###....#.# #.#o# #..# .#
##.#.#.# ##.#@# #..# ##
###.#.# #..#)# #..# #.#.#
#.##.# #..#####
#.#.###.##.#####......#
#.#..##.##......†.###.## #
#.#..##.#########.###..# ###
#.#..##.# ##.....##.# ..#
###..#.##.# #.8...8.#.#
#.###...###.#.######.......#.#


You could see an orc wizard.

Vanquished Creatures
  A gnoll (D:1)
  2 adders (D:2)
  An ooze (D:1)
  A worm (D:2)
  5 dart slugs
  A leopard gecko (D:1)
  An orc (D:2)
  A ball python (D:1)
  7 bats
  4 giant cockroaches
  4 goblins
  4 hobgoblins
  4 jackals (D:1)
  3 frilled lizards
  3 kobolds (D:1)
  5 rats
47 creatures vanquished.

Notes
Turn   | Place    | Note
-------+----------+-------------------------------------------
     0 | D:1      | shenanigans the Human Skald began the quest for the Orb.
     0 | D:1      | Reached XP level 1. HP: 16/16 MP: 3/3
   128 | D:1      | Reached XP level 2. HP: 7/22 MP: 5/5
   984 | D:1      | Reached XP level 3. HP: 26/28 MP: 6/6
  1434 | D:1      | Reached XP level 4. HP: 30/34 MP: 7/7
  2234 | D:2      | Found an opulent altar of Gozag.
  2575 | D:3      | Noticed Terence
  2614 | D:2      | Killed from afar by an orc wizard

Vault maps used:
D:1:      dpeg_arrival_castle
D:2:      grunt_gozag_statues
D:3:      lightli_sewer_entry_pipes, serial_bayou, serial_bayou_pond_c,
          serial_bayou_pond_d, serial_bayou_lake_a, serial_bayou_shore_b,
          uniq_terence

Skill      XL: |  1  2  3  4 |
---------------+-------------+-----
Dodging        | 2 |  2.4
Armour         | 2 |  2.0
Fighting       | |  2.8
Axes           | |  2.7
Spellcasting   | |  2.0
Charms         | |  3.0

Action                   |  1- 3 |  4- 6 || total
-------------------------+-------+-------++-------
Melee: Hand axe          |   112 |    91 ||   203
  Eat: Chunk             |     2 |     2 ||     4
Armor: Leather armour    |    12 |       ||    12
       Scale mail        |    62 |    59 ||   121
Dodge: Dodged            |    66 |    39 ||   105
